 Dungeon Crawl Stone Soup version 0.30-a0-331-g8ab09dc110 (webtiles) character file.

Game seed: 3681499148038872618

277693 hikkokomori the Gelid (level 18, -3/146 HPs)
             Began as a Demigod Ice Elementalist on Oct 28, 2022.
             Killed from afar by a deep elf annihilator (37 damage)
             ... with a bolt of lightning
             ... on level 3 of the Elven Halls on Oct 30, 2022.
             The game lasted 04:21:43 (50553 turns).

hikkokomori the Gelid (Demigod Ice Elementalist)   Turns: 50553, Time: 04:21:43

Health: -3/146     AC: 17    Str: 17    XL:     18   Next: 89%
Magic:  2/56       EV: 16    Int: 45    God:
Gold:   2470       SH:  7    Dex: 19    Spells: 7/40 levels left

rFire   + . .      SeeInvis +    J - +10 mace of Equilibrium {pain, *Noise MP+9 Int+2}
rCold   + + .      Faith    .    B - +0 buckler {rC+}
rNeg    . . .      Spirit   .    m - quicksilver dragon scales
rPois   +          Reflect  .    G - +2 hat {Will+}
rElec   .          Harm     .    b - +2 cloak of the Charred Tuna {Rampage Int+8}
rCorr   .          Rampage  +    v - +2 pair of gloves
Will    +++..                    k - +2 pair of boots
Stlth   +.........               e - amulet of Tewnua Daga {Contam rPois Regen+ MP+9 Stlth-}
HPRegen 1.24/turn                r - ring of Faneudym {rF+ SInv}
MPRegen 0.35/turn                L - ring of Yesterday {rC+ Int+2 Dex+5}

@: corroded, very slightly contaminated
A: high MP 1, forlorn, divine attributes
}: 2/15 runes: barnacled, gossamer
a: no special abilities


You were on level 3 of the Elven Halls.
You visited 6 branches of the dungeon, and saw 29 of its levels.
You also visited: Sewer, Bailey, Gauntlet and Ice Cave.

You collected 4577 gold pieces.
You spent 2107 gold pieces at shops.

Inventory:

Hand Weapons
 J - the +10 mace of Equilibrium (weapon) {pain, *Noise MP+9 Int+2}
   (You found it on level 6 of the Dungeon)

   In the hands of one skilled in necromantic magic, it inflicts extra damage on
   living creatures.
   Int:       It affects your intelligence (+2).
   MP:        It affects your magic capacity (+9).
   *Noise:    It may make noises in combat.
 V - the +3 dagger of Kaqidesi {drain, *Slow Str+6 Dex+3 SInv}
   (You found it on level 1 of the Lair of Beasts)

   A truly terrible weapon, it drains the life of any living foe it strikes.
   Str:       It affects your strength (+6).
   Dex:       It affects your dexterity (+3).
   SInv:      It lets you see invisible.
   *Slow:     It may slow you when you take damage.
Missiles
 T - 5 throwing nets
Armour
 b - the +2 cloak of the Charred Tuna (worn) {Rampage Int+8}
   (You found it in a Gauntlet)

   Int:       It affects your intelligence (+8).
   Rampage:   It bestows one free step when moving towards enemies.
 k - a +2 pair of boots (worn)
 m - quicksilver dragon scales (worn)
 v - a +2 pair of gloves (worn)
 B - a +0 buckler of cold resistance (worn)
 G - a +2 hat of willpower (worn)
 Z - the +11 gold dragon scales of the Trout {rElec rPois rF+ rC+ Int+2}
   (You found it in a bailey)

   Int:       It affects your intelligence (+2).
   rF:        It protects you from fire.
   rC:        It protects you from cold.
   rElec:     It insulates you from electricity.
   rPois:     It protects you from poison.
Magical Staves
 c - a staff of cold
Jewellery
 a - the ring "Liecvue" {rPois rF+ rC+}
   (You bought it in a shop on level 3 of the Dungeon)

   [ring of protection from cold]

   rF:        It protects you from fire.
   rC:        It protects you from cold.
   rPois:     It protects you from poison.
 e - the amulet of Tewnua Daga (around neck) {Contam rPois Regen+ MP+9 Stlth-}
   (You found it on level 4 of the Shoals)

   [amulet of regeneration]

   rPois:     It protects you from poison.
   MP:        It affects your magic capacity (+9).
   Contam:    It causes magical contamination when unequipped.
   Regen:     It increases your rate of health regeneration.
   Stlth:     It makes you less stealthy.
 r - the ring of Faneudym (left hand) {rF+ SInv}
   (You found it on level 1 of the Lair of Beasts)

   [ring of see invisible]

   rF:        It protects you from fire.
   SInv:      It lets you see invisible.
 D - a ring of flight
 I - a +6 ring of strength
 L - the ring of Yesterday (right hand) {rC+ Int+2 Dex+5}
   (You found it on level 2 of the Lair of Beasts)

   [ring of protection from cold]

   Int:       It affects your intelligence (+2).
   Dex:       It affects your dexterity (+5).
   rC:        It protects you from cold.
 S - the ring "Daleigif" {MP+9 Dex+4}
   (You found it in a Gauntlet)

   [ring of magical power]

   Dex:       It affects your dexterity (+4).
   MP:        It affects your magic capacity (+9).
 U - a ring of protection from fire
 X - an amulet of magic regeneration
Wands
 l - a wand of roots (15)
 p - a wand of mindburst (4)
 M - a wand of light (1)
 O - a wand of charming (6)
 P - a wand of digging (13)
 W - a wand of polymorph (7)
Scrolls
 d - 3 scrolls of fear
 h - 2 scrolls of teleportation
 i - 2 scrolls of summoning
 t - 8 scrolls of enchant weapon
 x - 7 scrolls of amnesia
 y - 5 scrolls of magic mapping
 F - 2 scrolls of poison
 K - a scroll of blinking
Potions
 f - 2 potions of flight
 g - 3 potions of ambrosia
 j - 4 potions of haste
 n - 6 potions of brilliance
 o - 5 potions of curing
 q - a potion of resistance
 s - 5 potions of lignification
 u - 3 potions of magic
 w - 4 potions of attraction
 z - 3 potions of might
 C - 2 potions of cancellation
 N - 5 potions of mutation
 Y - a potion of invisibility
Miscellaneous
 A - a tin of tremorstones (2/2)
 E - a lightning rod (4/4)
 Q - a box of beasts
 R - a condenser vane (inert)


   Skills:
 - Level 9.4 Fighting
 - Level 9.3(9.6) Maces & Flails
 - Level 3.2(6.7) Staves
 - Level 9.4 Armour
 - Level 9.0 Dodging
 - Level 5.0 Stealth
 - Level 8.0 Shields
 + Level 11.5 Spellcasting
 + Level 11.9 Summonings
 + Level 7.4 Necromancy
 + Level 18.4 Ice Magic
 - Level 9.0 Evocations


You had 7 spell levels left.
You knew the following spells:

 Your Spells              Type           Power      Damage    Failure   Level
a - Freeze                Ice            100%       1d10      0%          1
b - Frozen Ramparts       Ice            100%       1d16      0%          3
c - Ozocubu's Armour      Ice            100%       N/A       0%          3
d - Summon Ice Beast      Ice/Summ       100%       N/A       1%          4
e - Ozocubu's Refrigerat  Ice            56%        4d20      1%          7
f - Summon Cactus Giant   Summ           46%        N/A       2%          6
g - Summon Mana Viper     Hex/Summ       68%        N/A       5%          5
h - Animate Dead          Necr           75%        N/A       1%          4

Your spell library contained the following spells:

 Spells                   Type           Power      Damage    Failure   Level
 Summon Small Mammal      Summ           100%       N/A       0%          1
 Call Imp                 Summ           93%        N/A       1%          2
 Cigotuvi's Dreadful Rot  Necr/Pois/Air  96%        N/A       1%          2
 Ensorcelled Hibernation  Hex/Ice        100%       N/A       1%          2
 Call Canine Familiar     Summ           93%        N/A       1%          3
 Summon Guardian Golem    Hex/Summ       68%        N/A       1%          3
 Animate Armour           Summ/Erth      100%       N/A       1%          4
 Ice Form                 Ice/Tmut       83%        N/A       1%          4
 Summon Lightning Spire   Summ/Air       68%        N/A       1%          4
 Metabolic Englaciation   Hex/Ice        41%        N/A       1%          5
 Beastly Appendage        Tmut           52%        N/A       2%          1
 Agony                    Necr           75%        N/A       2%          5
 Static Discharge         Conj/Air       52%        2-5/arc   3%          2
 Wereblood                Tmut           26%        N/A       3%          2
 Anguish                  Hex/Necr       28%        N/A       4%          4
 Summon Forest            Summ/Tloc      34%        N/A       5%          5
 Dazzling Flash           Conj/Hex       52%        N/A       6%          3
 Inner Flame              Hex/Fire       26%        N/A       6%          3
 Portal Projectile        Hex/Tloc       52%        N/A       6%          3
 Tukima's Dance           Hex            26%        N/A       6%          3
 Ignite Poison            Fire/Tmut/Pois 26%        N/A       7%          3
 Spider Form              Tmut/Pois      26%        N/A       7%          3
 Vhi's Electric Charge    Tloc/Air       52%        N/A       7%          3
 Borgnjor's Vile Clutch   Necr/Erth      28%        N/A       13%         5
 Death Channel            Necr           37%        N/A       16%         6
 Cause Fear               Hex            13%        N/A       22%         4
 Manifold Assault         Tloc           26%        N/A       22%         4
 Passage of Golubria      Tloc           26%        N/A       22%         4
 Petrify                  Tmut/Erth      26%        N/A       22%         4
 Alistair's Intoxication  Tmut/Pois      17%        N/A       52%         5
 Arcjolt                  Conj/Air       13%        1d23      52%         5
 Blade Hands              Tmut           13%        N/A       52%         5
 Lightning Bolt           Conj/Air       13%        1d26      52%         5
 Silence                  Hex/Air        13%        N/A       52%         5
 Malign Gateway           Summ/Tloc      34%        N/A       85%         7
 Dispersal                Tloc           13%        N/A       98%         6
 Iron Shot                Conj/Erth      13%        9d3       98%         6
 Statue Form              Tmut/Erth      17%        N/A       98%         6
 Borgnjor's Revivificati  Necr           37%        N/A       100%        8
 Discord                  Hex            13%        N/A       100%        8
 Disjunction              Tloc           13%        N/A       100%        8
 Lehudib's Crystal Spear  Conj/Erth      13%        10d4      100%        8
 Necromutation            Tmut/Necr      28%        N/A       100%        8
 Death's Door             Necr           37%        N/A       100%        9


Dungeon Overview and Level Annotations

Branches:
Dungeon (11/15)            Temple (0/1) D:7            Lair (5/5) D:8
 Shoals (4/4) Lair:2       Spider (4/4) Lair:2        Slime (0/5) Lair:5
    Orc (2/2) D:9             Elf (3/3) Orc:2         Sewer (visited)
 Bailey (visited)           IceCv (visited)         Gauntlet (visited)

Shops:
D:1 (   D:2 *   D:3 =   Orc:1 :=   Orc:2 [!=:*   Elf:1 (   Elf:2 *   Shoals:3 !

Annotations:
D:7 2 transporters, Darkkill's ghost, novice MiHu
D:11 Psyche
Lair:3 3 runed translucent doors, Luafex's ghost, journeyman MiBe; Xiutytse's ghost, journeyman GnDe
Lair:4 2 transporters, scionoferis's ghost, adept SpAr
Lair:5 exclusion: obsidian statue
Shoals:1 Nikola


Innate Abilities, Weirdness & Mutations

You have an increased reservoir of magic. (+10% MP)
You shall have no god before yourself.
Your divine heritage dramatically boosts your attributes as you level up.


Message History

The deep elf sorcerer hits you but does no damage.
As you read the scroll of teleportation, it crumbles to dust.
You feel strangely unstable.
The deep elf sorcerer hits you but does no damage.
Unknown command.
Casting: Summon Mana Viper (dangerous; 5% risk of failure)
Confirm with . or Enter, or press ? or * to list all spells.
A mana viper appears with a sibilant hiss.
The deep elf sorcerer hits you with a +0 dagger!
* * * LOW HITPOINT WARNING * * *
The deep elf sorcerer howls an incantation.
The deep elf sorcerer glows brightly for a moment.
The deep elf sorcerer hits you but does no damage.
Unknown command.
You swap places.
Your surroundings suddenly seem different.
A deep elf archer, a deep elf annihilator and a deep elf pyromancer come into view.
The deep elf archer is wielding a +0 short sword and quivering curare-tipped darts.
The deep elf pyromancer shouts!
The deep elf archer unwields a +0 short sword.
The deep elf archer wields a +0 longbow.
The deep elf archer shoots an arrow.
The arrow misses you.
Press: ? - help, v - describe, . - travel The floor.
As you read the scroll of butterflies, it crumbles to dust.
You hear the tinkle of a tiny bell.
The deep elf annihilator shouts!
The deep elf annihilator gestures at you while chanting.
The bolt of lightning hits your butterfly!!
Your butterfly dies!
Your butterfly disappears in a burst of colours!
The bolt of lightning hits your butterfly!!
Your butterfly dies!
Your butterfly disappears in a burst of colours!
The bolt of lightning misses you.
The bolt of lightning hits your butterfly!!
Your butterfly dies!
Your butterfly disappears in a burst of colours!
The bolt of lightning hits you!!!
You die... #.######.# ###'###'# #.# #..##)# #.# #.. ##+#'# #.....## #.# #.. ##...## #bbbbbb###

#.# #..
#.....####bebbb)b.####.#
#..
#.....'..'bebbb.....##.#
#..
#.....####b.bbb.e.####.#
##+ ##...## #b.bbb.#'##
#.###.# #####
#b@bb####.###.##.##
#b.### ##.##'#'## ####
##'...## ##...## #.....#
##...## #...# #####


You could see a deep elf annihilator (ally target), a deep elf archer (repels
missiles, ally target) and a deep elf pyromancer (ally target).

Vanquished Creatures
  Arachne (Spider:4)
  Jorgrun (Shoals:1)
  Mlioglotl (Shoals:1)
  2 deep elf blademasters (Elf:3)
  2 sphinxes (Elf:3)
  3 deep elf master archers (Elf:3)
  A kraken (Shoals:1)
  Gastronok (D:8)
  An azure jelly (Lair:5)
  2 emperor scorpions
  4 deep elf sorcerers
  5 ghost moths
  2 deep elf elementalists (Elf:3)
  A broodmother (Spider:3)
  A deep elf demonologist (Elf:3)
  3 deep elf annihilators (Elf:3)
  4 dire elephants
  2 spark wasps
  3 deep elf death magi (Elf:3)
  9 merfolk impalers
  3 deep elf high priests (Elf:3)
  2 fire dragons (Elf:3)
  3 merfolk javelineers (Shoals:4)
  3 entropy weavers
  12 hydras
  2 merfolk avatars
  4 jorogumos
  A centaur warrior (Shoals:2)
  A catoblepas (Lair:2)
  2 satyrs
  5 alligator snapping turtles
  5 dancing weapons
  2 two-headed ogres
  2 merfolk aquamancers (Shoals:4)
  4 death yaks
  3 radroaches
  6 orc high priests
  2 spectral death yaks (Lair:5)
  24 deep elf knights
  7 sea snakes
  3 sun moths
  7 pharaoh ants
  A spectral anaconda (Lair:5)
  2 steelbarb worms
  15 orb spiders
  A swamp dragon (shapeshifter) (Elf:2)
  16 deep elf archers
  A lindwurm (Lair:4)
  A spriggan simulacrum (IceCv)
  4 necromancers (Lair:5)
  3 wizards
  Pikel (D:7)
  21 harpies
  23 deep elf zephyrmancers
  28 deep elf pyromancers
  12 fauns
  5 orc sorcerers
  23 wolf spiders
  15 manticores
  5 moths of wrath
  3 cyclopes
  10 elephants
  2 nameless horrors
  8 merfolk sirens
  An ice statue (Lair:1)
  3 black mambas
  4 torpor snails
  2 water nymphs
  7 demonic crawlers
  3 cane toads
  3 rime drakes
  An ice devil (D:8)
  5 komodo dragons
  A yaktaur (Shoals:2)
  3 freezing wraiths (IceCv)
  An anaconda simulacrum (IceCv)
  A golden dragon simulacrum (IceCv)
  35 merfolk
  6 meliai
  A queen bee (Spider:1)
  A troll (D:11)
  6 wind drakes
  32 tarantellas
  16 blink frogs
  9 dream sheep
  A tarantella (shapeshifter) (Elf:2)
  3 polar bears (Lair:1)
  A slime creature (Lair:5)
  A spectral elephant (Lair:5)
  8 snapping turtles
  2 air elementals
  33 jumping spiders
  2 dire elephant simulacra (IceCv)
  27 culicivoras
  2 shadows (D:10)
  8 water elementals
  3 wyverns
  22 yaks
  5 fire elementals
  A death yak simulacrum (Lair:5)
  A vampire mosquito (D:10)
  49 redbacks
  A minotaur simulacrum (IceCv)
  A spectral cane toad (Lair:5)
  3 wargs (Orc:2)
  A small abomination (D:9)
  A hydra simulacrum (IceCv)
  8 water moccasins
  3 hell hounds (Elf:3)
  13 orc warriors
  3 black bears
  An ettin simulacrum (IceCv)
  3 alligator simulacra (IceCv)
  5 ogres
  A centaur (D:5)
  10 wolves
  2 lemures (D:7)
  5 kobold brigands
  11 bullfrogs
  A deep troll simulacrum (IceCv)
  2 cane toad simulacra (Lair:5)
  A scorpion (D:5)
  5 wights
  An elephant simulacrum (Lair:5)
  16 killer bees (Spider:1)
  2 lindwurm simulacra (IceCv)
  4 vampire bats (Bailey)
  5 howler monkeys
  3 wolf zombies (Bailey)
  2 hounds (D:5)
  4 jellies
  14 orc priests
  3 iguanas
  An iron imp (D:8)
  28 orc wizards
  9 adders
  A naga simulacrum (Lair:1)
  9 shadow imps
  6 white imps
  An ufetubus (D:5)
  4 worms
  3 dart slugs
  50 orcs
  8 bats
  10 endoplasms
  13 giant cockroaches
  9 goblins
  6 hobgoblins
  2 jackals (D:1)
  26 kobolds
  18 quokkas
  13 ball pythons
  11 frilled lizards
  16 orc zombies (Bailey)
  5 rats (D:1)
  A plant (Shoals:4)
  4 tentacles (Shoals:1)
1051 creatures vanquished.

Vanquished Creatures (collateral kills)
  A lich (IceCv)
  An azure jelly (Shoals:3)
  A deep elf sorcerer (Elf:3)
  A ghost moth (Spider:4)
  A deep elf elementalist (Elf:3)
  A broodmother (Spider:3)
  A minotaur (Gauntlet)
  A deep elf high priest (Elf:3)
  A jorogumo (Spider:4)
  An ice dragon (Lair:1)
  2 caustic shrike simulacra (IceCv)
  2 merfolk aquamancers (Shoals:4)
  3 death yaks
  2 two-headed ogres
  28 dancing weapons
  5 nameless horrors
  4 deep elf knights
  A large abomination (D:9)
  A pharaoh ant (Lair:2)
  A spriggan simulacrum (IceCv)
  A sea snake (Shoals:4)
  An obsidian statue (IceCv)
  A necromancer (IceCv)
  A wolf spider (Spider:4)
  2 deep elf zephyrmancers
  An orc sorcerer (Orc:2)
  2 black mambas (Lair:2)
  2 merfolk sirens (Lair:2)
  5 elephants
  A gargoyle (Bailey)
  A torpor snail (Lair:4)
  A dire elephant zombie (Lair:5)
  4 cane toads
  2 rime drakes
  11 freezing wraiths
  A komodo dragon (Lair:5)
  2 merfolk
  2 golden dragon simulacra (IceCv)
  A troll (D:10)
  2 slime creatures (Lair:5)
  A hornet (D:9)
  3 blink frogs
  6 dream sheep
  2 jumping spiders
  2 vampires
  A culicivora (Lair:2)
  An elf zombie (Elf:2)
  A water elemental (Shoals:4)
  4 dire elephant simulacra (IceCv)
  20 yaks
  2 basilisks
  A fire elemental (Elf:2)
  A hog (shapeshifter) (Elf:2)
  2 minotaur simulacra (IceCv)
  2 vampire mosquitoes (D:10)
  3 redbacks
  3 harpy simulacra (IceCv)
  Menkaure (D:7)
  2 hydra simulacra (IceCv)
  3 water moccasins
  2 orc warriors (Orc:2)
  An ice beast (D:7)
  2 ettin simulacra (IceCv)
  A sky beast (D:7)
  4 alligator simulacra (IceCv)
  6 wolves
  3 small abominations (D:9)
  A two-headed ogre simulacrum (Lair:1)
  A necrophage (D:6)
  An earth elemental (Elf:1)
  An entropy weaver simulacrum (Lair:1)
  A wight (D:7)
  5 vampire bats (Bailey)
  3 wolf zombies (Bailey)
  5 howler monkeys
  3 orc priests
  A jelly (Lair:5)
  An iguana (D:7)
  6 orc wizards
  A polar bear simulacrum (Lair:1)
  A wolf simulacrum (Lair:1)
  An orc zombie (Bailey)
  An adder (D:6)
  2 shadow imps
  12 orcs
  3 goblins (D:10)
  2 kobolds (D:8)
235 creatures vanquished.

Vanquished Creatures (others)
  A deep elf knight (Elf:1)
  A faun (Shoals:2)
  A manticore (Shoals:4)
  An elf zombie (Elf:3)
  A wolf (Lair:2)
  68 fungi
  181 plants
  45 withered plants
299 creatures vanquished.

Grand Total: 1585 creatures vanquished

Notes
Turn   | Place    | Note
-------+----------+-------------------------------------------
     0 | D:1      | hikkokomori the Demigod Ice Elementalist began the quest
                  | for the Orb.
     0 | D:1      | Reached XP level 1. HP: 14/14 MP: 5/5
   132 | D:1      | Reached skill level 4 in Ice Magic
   219 | D:1      | Reached XP level 2. HP: 18/20 MP: 5/7
   293 | D:1      | Found Vynwoago's Antique Weapon Shoppe.
   782 | D:1      | Reached XP level 3. HP: 26/26 MP: 6/8
   881 | D:1      | Learned a level 3 spell: Frozen Ramparts
  1590 | D:2      | Found Fimisch's General Store.
  1919 | D:3      | Found Beluss's One-of-a-Kind Rings.
  1929 | D:3      | Reached skill level 5 in Ice Magic
  2063 | D:3      | Reached XP level 4. HP: 33/33 MP: 7/9
  2906 | D:4      | Found a glowing drain.
  2973 | Sewer    | Entered a sewer
  3353 | Sewer    | Reached XP level 5. HP: 38/38 MP: 9/11
  3357 | Sewer    | Learned a level 3 spell: Ozocubu's Armour
  3630 | Sewer    | Reached skill level 6 in Ice Magic
  3879 | D:4      | Noticed an ogre
  3891 | D:4      | Killed an ogre
  3892 | D:4      | Reached XP level 6. HP: 27/45 MP: 4/13
  4417 | D:5      | Entered Level 5 of the Dungeon
  4768 | D:5      | Reached skill level 7 in Ice Magic
  4902 | D:5      | Reached XP level 7. HP: 48/50 MP: 4/15
  5476 | D:6      | Learned a level 4 spell: Summon Ice Beast
  5559 | D:6      | Identified a scroll of acquirement
  5559 | D:6      | Acquired the amulet "Ydduvvau" {Spirit rC+ Will+ Regen+
                  | Str-2}
  5658 | D:6      | Reached skill level 1 in Summonings
  5661 | D:6      | Reached skill level 8 in Ice Magic
  5937 | D:6      | Identified the +10 mace of Equilibrium {pain, *Noise MP+9
                  | Int+2}
  6230 | D:7      | Reached XP level 8. HP: 57/57 MP: 17/17
  6317 | D:7      | Noticed Menkaure
  6323 | D:7      | Killed Menkaure
  6415 | D:7      | Reached skill level 1 in Maces & Flails
  6415 | D:7      | Reached skill level 1 in Necromancy
  6472 | D:7      | Found a staircase to the Ecumenical Temple.
  6670 | D:7      | Noticed a queen bee
  6677 | D:7      | Noticed Darkkill's ghost (novice MiHu)
  6680 | D:7      | Found a transporter.
  6685 | D:7      | Found a transporter.
  6699 | D:7      | Noticed Pikel
  6707 | D:7      | Killed Pikel
  6708 | D:7      | Reached skill level 9 in Ice Magic
  7262 | D:8      | Reached XP level 9. HP: 62/62 MP: 18/18
  7601 | D:8      | Reached skill level 1 in Fighting
  7619 | D:8      | Noticed Gastronok
  7624 | D:8      | Found a staircase to the Lair.
  7639 | D:8      | Killed Gastronok
  7640 | D:8      | Reached skill level 10 in Ice Magic
  8236 | D:9      | Noticed a wizard
  8244 | D:9      | Killed a wizard
  8245 | D:9      | Reached skill level 5 in Maces & Flails
  8263 | D:9      | Noticed a large abomination
  8263 | D:9      | Noticed a large abomination
  8263 | D:9      | Noticed a large abomination
  8263 | D:9      | Noticed a large abomination
  8727 | D:9      | Noticed a two-headed ogre
  8733 | D:9      | Killed a two-headed ogre
  8734 | D:9      | Reached skill level 1 in Evocations
  8734 | D:9      | Reached XP level 10. HP: 78/78 MP: 19/19
  8804 | D:9      | Found a staircase to the Orcish Mines.
  8851 | D:9      | Reached skill level 11 in Ice Magic
  9118 | D:9      | Noticed a large abomination
  9275 | D:9      | Killed a large abomination
  9300 | D:10     | Entered Level 10 of the Dungeon
  9402 | D:10     | Noticed a two-headed ogre
  9420 | D:10     | Killed a two-headed ogre
  9479 | D:10     | Identified the +8 war axe "Oqulirch" {vorpal, rPois Will++
                  | Dex+4}
  9548 | D:10     | Found a flagged portal.
  9581 | D:10     | Noticed a two-headed ogre
  9588 | D:10     | Killed a two-headed ogre
  9589 | D:10     | Reached XP level 11. HP: 75/84 MP: 9/20
  9660 | Bailey   | Entered a bailey
 10123 | Bailey   | Reached skill level 5 in Dodging
 10234 | Bailey   | Identified the +0 chain mail "Rerenae" {+Blink rF++ MP+9}
 10245 | Bailey   | Identified the +11 gold dragon scales of the Trout {rElec
                  | rPois rF+ rC+ Int+2}
 10249 | Bailey   | Identified the +0 pair of boots of Dias {rPois Regen+ Int-4
                  | Slay-2}
 11010 | D:11     | Learned a level 7 spell: Ozocubu's Refrigeration
 11041 | D:11     | Reached skill level 5 in Evocations
 11142 | D:11     | Noticed a boulder beetle
 11155 | D:11     | Noticed Psyche
 11340 | Orc:1    | Entered Level 1 of the Orcish Mines
 11486 | D:3      | Bought the ring "Liecvue" {rPois rF+ rC+} for 604 gold
                  | pieces
 11603 | Lair:1   | Entered Level 1 of the Lair of Beasts
 11617 | Lair:1   | Noticed an ice dragon
 11790 | Orc:1    | Reached skill level 12 in Ice Magic
 11862 | Orc:1    | Found Plog's Book Shop.
 11877 | Orc:1    | Found Zoor's Jewellery Emporium.
 12181 | Lair:1   | Identified the +3 dagger of Kaqidesi {drain, *Slow Str+6
                  | Dex+3 SInv}
 12850 | Lair:1   | Killed an ice dragon
 13032 | Lair:1   | Reached skill level 13 in Ice Magic
 13200 | Lair:1   | Identified the ring of Faneudym {rF+ SInv}
 13467 | Lair:2   | Noticed a catoblepas
 13624 | Lair:2   | Identified the ring of Yesterday {rC+ Int+2 Dex+5}
 13643 | Lair:2   | Reached skill level 1 in Armour
 13865 | Lair:2   | Reached XP level 12. HP: 87/91 MP: 16/21
 13941 | Lair:2   | Found a hole to the Spider Nest.
 14214 | Lair:2   | Found a staircase to the Shoals.
 14252 | Lair:2   | Reached skill level 14 in Ice Magic
 15045 | Lair:3   | Noticed a five-headed hydra
 15048 | Lair:3   | Killed a five-headed hydra
 15049 | Lair:3   | Reached skill level 5 in Armour
 15411 | Lair:3   | Found a runed translucent gate.
 15412 | Lair:3   | Found a runed translucent gate.
 15413 | Lair:3   | Found a runed translucent gate.
 15727 | Lair:3   | Noticed Xiutytse's ghost (journeyman GnDe)
 15728 | Lair:3   | Noticed Luafex's ghost (journeyman MiBe)
 16192 | Lair:4   | Reached skill level 5 in Fighting
 16373 | Lair:4   | Noticed scionoferis's ghost (adept SpAr)
 16437 | Lair:4   | Reached skill level 15 in Ice Magic
 16720 | Lair:4   | Reached XP level 13. HP: 88/100 MP: 7/22
 17420 | Lair:4   | Found a transporter.
 17437 | Lair:4   | Found a transporter.
 17918 | Lair:5   | Entered Level 5 of the Lair of Beasts
 18627 | Lair:5   | Noticed a dire elephant
 18627 | Lair:5   | Noticed a dire elephant
 18628 | Lair:5   | Noticed a dire elephant
 19392 | Lair:5   | Found a staircase to the Slime Pits.
 19401 | Lair:5   | Reached skill level 16 in Ice Magic
 19532 | Lair:5   | Noticed an azure jelly
 20132 | Orc:2    | Entered Level 2 of the Orcish Mines
 20295 | Orc:2    | Found a gate leading to a gauntlet.
 20315 | Gauntlet | Entered a Gauntlet
 20315 | Gauntlet | Found a transporter.
 20320 | Gauntlet | Noticed a dire elephant
 20418 | Gauntlet | Found a transporter.
 20420 | Gauntlet | Found a transporter.
 20421 | Gauntlet | Found a transporter.
 20446 | Gauntlet | Found a transporter.
 20459 | Gauntlet | Found a transporter.
 20480 | Gauntlet | Found a transporter.
 20497 | Gauntlet | Found a transporter.
 20505 | Gauntlet | Found a runed translucent door.
 20510 | Gauntlet | Found a transporter.
 20510 | Gauntlet | Found a transporter.
 20513 | Gauntlet | Found a runed translucent door.
 20523 | Gauntlet | Found a transporter.
 20596 | Gauntlet | Identified the ring "Daleigif" {MP+9 Dex+4}
 20621 | Gauntlet | Killed a dire elephant
 20793 | Gauntlet | Identified the +2 cloak of the Charred Tuna {Rampage Int+8}
 21040 | Gauntlet | Noticed a minotaur
 21059 | Gauntlet | Killed a minotaur
 21219 | Gauntlet | Got Sif Muna's Volume of Shapes
 21432 | Orc:2    | Found Jampiapt's Armour Shop.
 21433 | Orc:2    | Found Gyrapsiwk's Distillery.
 21652 | Orc:2    | Found Lriuh's Luxury Loot.
 21736 | Orc:2    | Found Cighoe's Book Boutique.
 21736 | Orc:2    | Found Gukk's Jewellery Boutique.
 21911 | Orc:2    | Found a staircase to the Elven Halls.
 21951 | Orc:2    | Reached skill level 1 in Staves
 22430 | D:2      | Bought a condenser vane for 520 gold pieces
 22430 | D:2      | Bought a scroll of summoning for 123 gold pieces
 22947 | Lair:4   | Reached XP level 14. HP: 75/113 MP: 2/24
 24147 | Lair:5   | Reached skill level 5 in Spellcasting
 24471 | Lair:5   | Killed an azure jelly
 24472 | Lair:5   | Reached skill level 5 in Summonings
 25350 | Elf:1    | Entered Level 1 of the Elven Halls
 26141 | Spider:1 | Entered Level 1 of the Spider Nest
 28888 | Spider:1 | Reached XP level 15. HP: 99/122 MP: 4/29
 32885 | Spider:4 | Entered Level 4 of the Spider Nest
 33487 | Spider:4 | Learned a level 6 spell: Summon Cactus Giant
 34420 | Spider:4 | Reached XP level 16. HP: 129/129 MP: 21/31
 34717 | Spider:4 | Noticed Arachne
 35375 | Spider:4 | Killed Arachne
 35891 | Spider:4 | Got a gossamer rune of Zot
 36217 | Shoals:1 | Entered Level 1 of the Shoals
 36388 | Shoals:1 | Noticed Mlioglotl
 36414 | Shoals:1 | Killed Mlioglotl
 36683 | Shoals:1 | Noticed a kraken
 36685 | Shoals:1 | Killed a kraken
 36686 | Shoals:1 | Reached skill level 5 in Stealth
 36704 | Shoals:1 | Acquired 1060 gold pieces
 36937 | Shoals:1 | Noticed Jorgrun
 36955 | Shoals:1 | Killed Jorgrun
 36983 | Shoals:1 | Noticed Nikola
 37359 | Shoals:1 | Upgraded the game from 0.30-a0-322-g102857c98e to
                  | 0.30-a0-329-g85436e0a43
 38648 | Shoals:3 | Reached skill level 17 in Ice Magic
 38806 | Shoals:3 | Found a frozen archway.
 39095 | IceCv    | Entered an ice cave
 39920 | IceCv    | Learned a level 5 spell: Summon Mana Viper
 40475 | IceCv    | Reached skill level 1 in Shields
 40709 | IceCv    | Noticed a lich
 40725 | IceCv    | Killed a lich
 40976 | IceCv    | Got the Discourse on Cold
 41432 | Shoals:3 | Found Rewyow Xozo's Distillery.
 41475 | Shoals:3 | Bought a potion of brilliance for 52 gold pieces
 41475 | Shoals:3 | Bought a potion of heal wounds for 65 gold pieces
 41475 | Shoals:3 | Bought a potion of curing for 39 gold pieces
 41928 | Shoals:3 | Reached XP level 17. HP: 136/136 MP: 3/35
 42040 | Shoals:3 | Reached skill level 5 in Shields
 42361 | Shoals:4 | Entered Level 4 of the Shoals
 43641 | Shoals:4 | Upgraded the game from 0.30-a0-329-g85436e0a43 to
                  | 0.30-a0-331-g8ab09dc110
 44055 | Shoals:4 | Identified the amulet of Tewnua Daga {Contam rPois Regen+
                  | MP+9 Stlth-}
 44111 | Shoals:4 | Got a barnacled rune of Zot
 44261 | Shoals:4 | Identified the +8 battleaxe "Beastslayer" {venom, *Corrode
                  | Will+ Dex+4}
 44533 | Shoals:4 | Learned a level 4 spell: Animate Dead
 44854 | Orc:1    | Bought Lixyi's Octavo of Helpful Intoxication for 644 gold
                  | pieces
 46551 | Elf:1    | Found Luwu Vugu's Weapon Shop.
 46594 | Elf:1    | Reached skill level 10 in Summonings
 46940 | Elf:2    | Reached skill level 10 in Spellcasting
 48146 | Elf:2    | Found Fuaqeag's General Store.
 48154 | Elf:2    | Bought a scroll of fear for 60 gold pieces
 48255 | Elf:2    | Reached XP level 18. HP: 146/146 MP: 31/37
 48388 | Elf:2    | Found a huge runed translucent gate.
 48388 | Elf:2    | Found a huge runed translucent gate.
 48495 | Elf:2    | Found a huge runed translucent gate.
 48496 | Elf:2    | Found a huge runed translucent gate.
 48498 | Elf:2    | Found a huge runed translucent gate.
 48917 | Elf:2    | Reached skill level 5 in Necromancy
 49497 | Elf:3    | Entered Level 3 of the Elven Halls
 49697 | Elf:3    | Reached skill level 18 in Ice Magic
 50459 | Elf:3    | Identified the +10 war axe of Sloth {venom, *Rage Str+3
                  | Dex+2}
 50459 | Elf:3    | Identified the +8 long sword "Zurede" {vorpal, rF+ Will++}
 50476 | Elf:3    | Paralysed by an air elemental for 1 turns
 50496 | Elf:3    | Identified the +6 spear "Qecay" {flame, rF+ Will+}
 50553 | Elf:3    | Killed from afar by a deep elf annihilator

Illustrated notes

Levels and vault maps discovered:
D:1:      reono_arrival_forest_river, layout_rooms, serial_shops,
          nicolae_shop_overgrown_old_shop, roderic_serpentine_path
D:2:      layout_loops_corners, hellmonk_ecumenical_altar_inner_sanctum,
          serial_shops, shop, basic_altar, minivault_23
D:3:      layout_basic, hangedman_decor_slide_cut, nicolae_shop_unique_rings,
          reono_crystal_passage
D:4:      nicolae_cairo_tiling_large_dashed, layout_loops_corners,
          cheibrodos_sewer_entry_bend
D:5:      layout_basic
D:6:      layout_rooms, mainiacjoe_overflow_cross_hatched,
          kennysheep_generic_room_5
D:7:      layout_loops_ring, minmay_temple_entry_offerings,
          gammafunk_ghost_hive, minmay_statues_item, uniq_pikel, uniq_menkaure
D:8:      layout_gridville, slow_altar_2, lair_entry_dummy, uniq_gastronok
D:9:      layout_loops_ring, mainiacjoe_overflow_alcove_2, orc_0_dummy,
          laboratory
D:10:     layout_cave_pools, enter_bailey_5
D:11:     layout_basic, nicolae_sif_muna_little_library, uniq_psyche
Lair:1:   dreamdust_isle_of_ice, layout_regular_city, infiniplex_staircase_pool,
          serial_bayou_shore_a
Lair:2:   layout_hall_layers, elwin_shoals_entry_stream,
          spider_nest_entry_rubble, minivault_23,
          chequers_serial_rivers_micro_a, patterned_corridor, grunt_megastairs_3
Lair:3:   layout_loops_ring, gammafunk_ghost_cemetery, beast_lair_carwin_5,
          lemuel_fruit_tree
Lair:4:   layout_cave_pods, gammafunk_ghost_wrathful_warriors
Lair:5:   due_jungle_book, layout_loops_ring, slime_entry_1,
          nicolae_lair_time_for_slime, grunt_megastairs_2
Shoals:1: layout_shoals, uniq_mlioglotl, uniq_jorgrun, uniq_nikola
Shoals:2: layout_shoals, yaktaur_hedge
Shoals:3: layout_shoals, serial_shops, shop, portal_ice_cave_entry_frozen_things
Shoals:4: shoals_end_simple, layout_shoals, nicolae_shoals_square_sea_wall
Spider:1: layout_cave_pods, special_room [special_room_bee]
Spider:2: layout_spider_delve, nicolae_spider_orb_run,
          hangedman_spider_tarantella_strand
Spider:3: layout_chambers
Spider:4: johnstein_spider_rune_arachne_lair, drop_trap,
          hangedman_spider_mandibles
Orc:1:    layout_diamond_mine, serial_shops, nicolae_shop_waterfront, shop
Orc:2:    st_orc_mages, layout_caves, gauntlet_entry_generic,
          nicolae_alphabet_shops
Elf:1:    nicolae_elf_arrival_no_cutting_in_line, layout_geoelf_diagonals,
          serial_shops, shop, hangedman_elven_crosses_minicolossus
Elf:2:    elven_hall_of_blades_hangedman_alternative
          [nicolae_blade_entry_crossed_weapons], layout_rooms, serial_shops,
          shop, nicolae_twisting_strands
Elf:3:    minmay_elf_hall_circle, layout_geoelf_octagon, special_room
          [special_room_mythical_zoo]

Skill      XL: |  1  2  3  4  5  6  7  8  9 10 11 12 13 14 15 16 17 18 |
---------------+-------------------------------------------------------+-----
Ice Magic      | 4 5 6 7 8 9 10 11 13 15 16 17 18 | 18.4
Spellcasting   | 2 3 4 6 7 9 10 11 | 11.5
Summonings     | 2 3 4 5 7 8 10 11 | 11.9
Maces & Flails | 3 5 7 9 |  9.3
Necromancy     | 1 4 7 |  7.4
Fighting       | 4 5 7 8 9 |  9.4
Dodging        | 2 4 5 7 9 |  9.0
Evocations     | 1 4 5 7 9 |  9.0
Armour         | 2 6 7 9 |  9.4
Staves         | 1 3 |  3.2
Stealth        | 2 5 |  5.0
Shields        | 4 8 |  8.0

Action                   |  1- 3 |  4- 6 |  7- 9 | 10-12 | 13-15 | 16-18 || total
-------------------------+-------+-------+-------+-------+-------+-------++-------
Melee: Staff             |    17 |     7 |    10 |     1 |   298 |   258 ||   591
       Flail             |       |       |     9 |       |       |       ||     9
       Mace              |       |       |    86 |   559 |   384 |   202 ||  1231
       Punch             |       |       |       |    12 |     8 |     4 ||    24
       War axe           |       |       |       |     5 |       |       ||     5
 Cast: Freeze            |    65 |   138 |    26 |       |     1 |       ||   230
       Frozen Ramparts   |       |     4 |    13 |     9 |     6 |     1 ||    33
       Ozocubu's Armour  |       |     2 |     2 |     7 |    11 |    14 ||    36
       Summon Ice Beast  |       |       |    22 |    76 |    67 |    29 ||   194
       Ozocubu's Refrige |       |       |       |    13 |   254 |   377 ||   644
       Summon Cactus Gia |       |       |       |       |       |    48 ||    48
       Summon Mana Viper |       |       |       |       |       |    56 ||    56
       Animate Dead      |       |       |       |       |       |     4 ||     4
Evoke: Wand              |       |       |     3 |    26 |    24 |    12 ||    65
       Box of beasts     |       |       |       |     2 |     2 |     1 ||     5
       Tin of tremorston |       |       |       |       |     4 |     6 ||    10
       Condenser vane    |       |       |       |       |     2 |     2 ||     4
       Lightning rod     |       |       |       |       |       |     6 ||     6
  Use: Scroll            |       |     4 |    14 |    10 |    18 |    16 ||    62
       Potion            |       |       |     1 |     6 |     8 |    12 ||    27
 Stab: Sleeping          |       |       |     1 |     2 |       |       ||     3
       Distracted        |       |       |     2 |     4 |     3 |     6 ||    15
       Invisible         |       |       |     1 |     2 |       |     1 ||     4
       Petrified         |       |       |       |     1 |       |       ||     1
Armor: Robe              |    11 |       |       |       |       |       ||    11
       Leather armour    |     4 |    24 |    42 |    12 |       |       ||    82
       Troll leather arm |       |       |       |   210 |   171 |       ||   381
       Quicksilver drago |       |       |       |       |   488 |   408 ||   896
Dodge: Dodged            |    33 |    66 |    82 |   473 |   613 |   481 ||  1748
Block: Other             |       |    11 |     2 |       |       |       ||    13
       Buckler           |       |       |       |       |       |   124 ||   124

Table legend: (Time is in decaauts)
 A = Elapsed time spent in this place.
 B = Non-inter-level travel time spent in this place.
 C = Inter-level travel time spent in this place.
 D = Time resting spent in this place.
 E = Time spent auto-exploring this place.
 F = Levels seen in this place.
 G = Mean time per level.
                   A        B        C        D        E       F      G
               +--------+--------+--------+--------+--------+-----+--------+
         Total |  50957 |  47722 |   3235 |  11422 |  26807 |  33 | 1544.2 |
       Dungeon |  11228 |   9910 |   1318 |    702 |   7182 |  11 | 1020.7 |
          Lair |  11694 |  10873 |    821 |   2994 |   5632 |   5 | 2338.8 |
        Shoals |   6457 |   6198 |    259 |   1974 |   3234 |   4 | 1614.2 |
   Spider Nest |   9209 |   8797 |    412 |   2925 |   4593 |   4 | 2302.2 |
  Orcish Mines |   1944 |   1599 |    345 |    227 |   1021 |   2 |  972.0 |
   Elven Halls |   5612 |   5535 |     77 |   1134 |   3345 |   3 | 1870.7 |
         Sewer |    788 |    788 |      0 |    154 |    431 |   1 |  788.0 |
        Bailey |    747 |    747 |      0 |      0 |    387 |   1 |  747.0 |
      Ice Cave |   2329 |   2329 |      0 |    864 |    847 |   1 | 2329.0 |
      Gauntlet |    946 |    946 |      0 |    446 |    133 |   1 |  946.0 |
               +--------+--------+--------+--------+--------+-----+--------+

Top non-repeatable levels by time:
  Lair:5: 3879 daAuts
Spider:4: 3260 daAuts
Spider:1: 2875 daAuts
  Lair:2: 2660 daAuts
   Elf:2: 2545 daAuts
   IceCv: 2329 daAuts
Shoals:4: 2320 daAuts
  Lair:4: 2151 daAuts
   Elf:1: 2014 daAuts
  Lair:1: 1754 daAuts
Spider:2: 1711 daAuts
Shoals:3: 1614 daAuts
     D:9: 1602 daAuts
   Orc:2: 1516 daAuts
Spider:3: 1361 daAuts
